 Dungeon Crawl Stone Soup version 0.20-a0-1122-gb7cbeb9 (webtiles) character file.

1523 Jarlath the Magician (level 8, -2/41 HPs)
             Began as a Deep Elf Ice Elementalist on May 12, 2017.
             Was a Follower of Vehumet.
             Slain by an ogre
             ... wielding a +0 giant spiked club
              (11 damage)
             ... on level 5 of the Dungeon.
             The game lasted 00:09:10 (7239 turns).

Jarlath the Magician (Deep Elf Ice Elementalist)    Turns: 7239, Time: 00:09:11

Health: -2/41      AC: 10    Str:  5    XL:     8   Next: 54%
Magic:  8/21       EV: 12    Int: 23    God:    Vehumet [*.....]
Gold:   305        SH:  0    Dex: 17    Spells: 7/22 levels left

rFire    + + .     SeeInvis +   k - +5 flail (protect)
rCold    . . .     Gourm    .   (no shield)
rNeg     . . .     Faith    .   i - +3 leather armour {MR+}
rPois    .         Spirit   .   (no helmet)
rElec    .         Reflect  .   u - +1 cloak
rCorr    .         Harm     .   (no gloves)
MR       +....                  l - +1 pair of boots
Stlth    +++.......             h - amulet of magic regeneration
Regen    0.2/turn               m - ring of see invisible
MPRegen  0.3/turn               t - ring of protection from fire

@: no status effects
A: thin skeletal structure 1, fire resistance 1
a: Renounce Religion


You were on level 5 of the Dungeon.
You worshipped Vehumet.
Vehumet was aware of your devotion.
You were not hungry.

You visited 2 branches of the dungeon, and saw 7 of its levels.

You collected 305 gold pieces.

Inventory:

Hand Weapons
 k - a +5 flail of protection (weapon)
Armour
 i - a +3 leather armour of magic resistance (worn)
 l - a +1 pair of boots (worn)
 u - a +1 cloak (worn)
Jewellery
 h - an amulet of magic regeneration (around neck)
 m - a ring of see invisible (left hand)
 t - a ring of protection from fire (right hand)
Wands
 q - a wand of lightning (4/15)
Scrolls
 v - a scroll of recharging
 z - a scroll of teleportation
Potions
 d - a potion of lignification
 j - a potion of flight
 n - 2 potions of curing
 w - 2 potions of agility
 x - 2 potions of cancellation
Books
 b - a book of Frost

   Spells                             Type                      Level
   a - Freeze                         Ice                          1
   b - Throw Frost                    Conjuration/Ice              2
   c - Ozocubu's Armour               Charms/Ice                   3
   d - Throw Icicle                   Conjuration/Ice              4
   e - Summon Ice Beast               Ice/Summoning                4
 o - a book of Necromancy

   Spells                             Type                      Level
   a - Pain                           Necromancy                   1
   b - Animate Skeleton               Necromancy                   1
   c - Vampiric Draining              Necromancy                   3
   d - Regeneration                   Charms/Necromancy            3
   e - Animate Dead                   Necromancy                   4
   f - Control Undead                 Necromancy                   4
 s - a book of Debilitation

   Spells                             Type                      Level
   a - Corona                         Hexes                        1
   b - Slow                           Hexes                        2
   c - Inner Flame                    Hexes/Fire                   3
   d - Portal Projectile              Hexes/Translocation          3
   e - Cause Fear                     Hexes                        4
   f - Leda's Liquefaction            Hexes/Earth                  4
Comestibles
 c - 4 bread rations
 f - 3 meat rations


   Skills:
 - Level 2.4 Dodging
 - Level 2.4 Stealth
 + Level 7.8 Spellcasting
 * Level 5.2 Conjurations
 * Level 7.2 Charms
 - Level 7.2 Ice Magic


You had 7 spell levels left.
You knew the following spells:

 Your Spells              Type           Power        Failure   Level  Hunger
a - Freeze                Ice            ####         1%          1    None
b - Ozocubu's Armour      Chrm/Ice       #####...     1%          3    None
c - Throw Icicle          Conj/Ice       #####...     9%          4    ###....
d - Summon Ice Beast      Ice/Summ       ####....     26%         4    ###....
e - Regeneration          Chrm/Necr      ####......   8%          3    None


Dungeon Overview and Level Annotations

Branches:
Dungeon (6/15)             Temple (1/1) D:4

Altars:
Cheibriados
Dithmenos
Elyvilon
Fedhas
Gozag
Hepliaklqana
Kikubaaqudgha
Makhleb
Nemelex Xobeh
Ru
Trog
Vehumet
Xom
Yredelemnul
Zin


Innate Abilities, Weirdness & Mutations

You have a somewhat thin skeletal structure. (Dex +2, Stealth)
Your flesh is heat resistant. (rF+)


Message History

Press: ? - help, Shift-Dir - straight line, f/p - sky beast
Aim: a sky beast (severely wounded, slightly transparent)
The shard of ice misses the sky beast.
The sky beast barely misses you.
The ogre hits you with a giant spiked club!!
Ouch! That really hurt!
* * * LOW HITPOINT WARNING * * *
Casting: Throw Icicle
Confirm with . or Enter, or press ? or * to list all spells.
Aiming: Throw Icicle
Press: ? - help, Shift-Dir - straight line, f/p - sky beast
Aim: a sky beast (severely wounded)
The shard of ice hits the sky beast.
You kill the sky beast!
Vehumet accepts your kill.
Your Conjurations skill increases to level 5!
Your Charms skill increases to level 7!
Unknown command.
You feel better.
The ogre hits you with a giant spiked club!
You die...

########### ### #.........#
##.## #.#######.##
....###########.##.......###
##..............@O.........#
#####.###.###..#######..#.#
######.# #.# #..# #..#.#
...>##.# #.# #..# #..#.######
###.##.###.###..# #..........
#....##...##..## ###......####
###..##..........# #......#.#
.....##.#...##...# #.#.#..#.#
##......##.###...####.#.#..#.#


You could see an ogre.

Vanquished Creatures
  The ghost of Jarlath the Chiller, an amateur DEIE (D:4)
  Eustachio (D:5)
  Edmund (D:5)
  An ice beast (D:5)
  A sky beast (D:5)
  2 ogres
  2 scorpions
  3 wights
  A crimson imp (D:5)
  2 hounds (D:6)
  An orc priest (D:5)
  2 bullfrog skeletons
  An iguana (D:6)
  4 worker ants
  A hound skeleton (D:6)
  A howler monkey zombie (D:5)
  A gnoll (D:6)
  7 adders
  4 oozes
  2 adder skeletons
  6 worms
  A dart slug (D:2)
  9 leopard geckos
  8 orcs
  7 bats
  8 giant cockroaches
  5 goblins
  8 hobgoblins
  4 jackals (D:2)
  A quokka (D:4)
  A ball python (D:2)
  4 frilled lizards
  4 kobolds
  7 rats
112 creatures vanquished.

Notes
Turn   | Place    | Note
-------+----------+-------------------------------------------
     0 | D:1      | Jarlath the Deep Elf Ice Elementalist began the quest for the Orb.
     0 | D:1      | Reached XP level 1. HP: 10/10 MP: 6/6
    78 | D:1      | Reached XP level 2. HP: 15/15 MP: 5/8
   689 | D:1      | Reached XP level 3. HP: 19/19 MP: 6/10
   819 | D:2      | Learned a level 3 spell: Ozocubu's Armour
  1034 | D:2      | Found a snail-covered altar of Cheibriados.
  1962 | D:3      | You fall through a shaft for 3 floors!
  1984 | D:6      | Reached XP level 4. HP: 18/24 MP: 7/12
  1992 | D:6      | Learned a level 4 spell: Throw Icicle
  2034 | D:6      | Reached skill level 5 in Ice Magic
  2409 | D:6      | Reached XP level 5. HP: 10/28 MP: 14/14
  2565 | D:6      | Reached skill level 5 in Spellcasting
  2578 | D:6      | Noticed a phantom
  2583 | D:5      | Entered Level 5 of the Dungeon
  2610 | D:5      | Noticed an orc warrior
  2735 | D:6      | Noticed an ogre
  2742 | D:6      | Killed an ogre
  2742 | D:6      | Reached XP level 6. HP: 27/32 MP: 2/16
  2915 | D:5      | Noticed Edmund
  3073 | D:4      | Found a staircase to the Ecumenical Temple.
  3144 | Temple   | Entered the Ecumenical Temple
  3200 | Temple   | Became a worshipper of Vehumet
  3277 | D:4      | Noticed Jarlath's ghost (amateur DEIE)
  4044 | D:3      | Learned a level 4 spell: Summon Ice Beast
  4107 | D:3      | Found a shimmering altar of Xom.
  4109 | D:3      | Found a shimmering altar of Xom.
  4110 | D:3      | Found a shimmering altar of Xom.
  4136 | D:3      | Learned a level 3 spell: Regeneration
  4407 | D:3      | Reached skill level 1 in Charms
  4590 | D:4      | Reached XP level 7. HP: 36/36 MP: 12/18
  5164 | D:4      | Reached * piety under Vehumet
  5164 | D:4      | Offered knowledge of Shock by Vehumet.
  5483 | D:5      | Noticed Eustachio
  5829 | D:5      | Killed Eustachio
  5881 | D:5      | Reached skill level 5 in Charms
  6530 | D:5      | Killed Edmund
  6530 | D:5      | Reached XP level 8. HP: 35/41 MP: 2/20
  6631 | D:4      | Gained mutation: You have a somewhat thin skeletal structure. (Dex +2, Stealth) [potion of mutation]
  6631 | D:4      | Gained mutation: Your flesh is heat resistant. (rF+) [potion of mutation]
  6631 | D:4      | Gained mutation: You evolve. [potion of mutation]
  6856 | D:4      | Killed Jarlath's ghost
  7197 | D:5      | Lost mutation: You evolve. [evolution]
  7238 | D:5      | Reached skill level 5 in Conjurations
  7239 | D:5      | Slain by an ogre

Vault maps used:
D:1:      dpeg_arrival_oval
D:2:      kennysheep_slug_shrine
D:3:      gup_sewer_entry_spiral, minmay_misc_feat_ornament, xom_redecorated
D:4:      minmay_temple_entry_statues_fountains
D:5:      first_bread, uniq_eustachio, uniq_edmund
D:6:      nicolae_qazlal_style_of_elements, uniq_blork_the_orc
Temple:   regret_index_temple_sigil_plot

Skill      XL: |  1  2  3  4  5  6  7  8 |
---------------+-------------------------+-----
Ice Magic      | 4 5 6 7 |  7.2
Spellcasting   | 4 5 6 7 |  7.8
Charms         | 2 5 7 |  7.2
Conjurations   | 3 5 |  5.2
Dodging        | |  2.4
Stealth        | |  2.4

Action                   |  1- 3 |  4- 6 |  7- 9 || total
-------------------------+-------+-------+-------++-------
Melee: Unarmed           |    19 |    25 |     1 ||    45
       Flail             |       |       |    15 ||    15
 Cast: Freeze            |    66 |    68 |    24 ||   158
       Ozocubu's Armour  |     2 |     2 |     2 ||     6
       Throw Icicle      |       |    15 |    51 ||    66
  Use: Scroll            |     5 |     9 |     5 ||    19
       Potion            |     1 |     4 |     4 ||     9
 Stab: Distracted        |     1 |       |       ||     1
       Sleeping          |     1 |       |       ||     1
  Eat: Chunk             |     3 |    11 |     6 ||    20
       Bread ration      |       |       |     1 ||     1
       Royal jelly       |       |       |     1 ||     1
       Meat ration       |       |       |     1 ||     1
Armor: Robe              |    14 |    20 |     5 ||    39
       Leather armour    |       |       |    10 ||    10
Dodge: Dodged            |    46 |    56 |    41 ||   143
